 Dungeon Crawl Stone Soup version 0.31.0-9-g3a7656b989 (webtiles) character file.

Game seed: 5812905393676237340

2558 Baz the Trooper (level 9, 0/70 HPs)
             Began as a Djinni Earth Elementalist on Jan 29, 2024.
             Was an Initiate of Makhleb.
             Slain by a sky beast (5 damage)
             ... on level 7 of the Dungeon.
             The game lasted 00:10:01 (6394 turns).

Baz the Trooper (Djinni Earth Elementalist)         Turns: 6394, Time: 00:10:02

Health: 0/70       AC:  3    Str:  7    XL:     9   Next: 86%
Gold:   339        EV: 10    Int: 22    God:    Makhleb [......] SH:  4 Dex: 13

rFire   + + .        d - +2 dagger (speed)
rCold   x . .        A - +0 buckler
rNeg    . . .        a - +0 robe
rPois   ∞            (no helmet)
rElec   .            C - +0 cloak
rCorr   .            (no gloves)
SInv    .            (boots unavailable)
Will    .....        (no amulet)
Stlth   ++           (no ring)
HPRegen 0.31/turn    (no ring)
MPRegen 0.00/turn

%: infuse magic (-1 HP)
@: grasped by roots, flying, constricted
A: sickness immunity, fire resistance 2, cold vulnerability 1, float, innate
caster, HP casting, extra vitality 1
a: Renounce Religion


You were on level 7 of the Dungeon.
You worshipped Makhleb.
Makhleb was noncommittal.
You visited 2 branches of the dungeon, and saw 8 of its levels.

You collected 339 gold pieces.

Inventory:

Hand Weapons
 d - a +2 dagger of speed (weapon)
Armour
 a - a +0 robe (worn)
 A - a +0 buckler (worn)
 C - a +0 cloak (worn)
Jewellery
 e - an amulet of faith
 w - a ring of fire
Wands
 l - a wand of mindburst (37)
 t - a wand of flame (17)
Scrolls
 b - 6 scrolls of identify {unknown}
 c - 2 scrolls of teleportation {unknown}
 f - a scroll of fog
 h - a scroll of revelation {unknown}
 k - a scroll of poison {unknown}
 p - a scroll of fear {unknown}
 s - 2 scrolls of vulnerability {unknown}
 v - 2 scrolls of acquirement {unknown}
 x - a scroll of silence {unknown}
 y - a scroll of enchant weapon {unknown}
 z - a scroll of summoning {unknown}
Potions
 g - a potion of attraction {unknown}
 i - a potion of degeneration {unknown}
 j - a potion of berserk rage {unknown}
 m - a potion of haste
 n - a potion of ambrosia {unknown}
 o - 2 potions of might {unknown}
 q - 4 potions of curing
 r - a potion of invisibility {unknown}
 u - 2 potions of mutation {unknown}
 B - a potion of heal wounds {unknown}


   Skills:
 * Level 7.8 Fighting
 - Level 5.6 Dodging
 - Level 2.5 Stealth
 + Level 3.0 Shields
 * Level 6.7 Spellcasting
 * Level 6.7 Conjurations
 * Level 6.7 Hexes
   Level 0.0 Charms
 * Level 6.7 Summonings
 * Level 6.7 Necromancy
 * Level 6.7 Translocations
   Level 0.0 Transmutations
 * Level 6.7 Fire Magic
 * Level 6.7 Ice Magic
 * Level 6.7 Air Magic
 * Level 6.7 Earth Magic
 * Level 6.7 Alchemy


You knew the following spells:

 Your Spells              Type           Power      Damage    Failure   Level
a - Sandblast             Erth           74%        2d16      1%          1
b - Passwall              Erth           37%        N/A       2%          3
c - Stone Arrow           Conj/Erth      74%        3d11      2%          3
d - Petrify               Alch/Erth      37%        N/A       9%          4
e - Brom's Barrelling Bo  Conj/Erth      37%        2d6       9%          4
f - Shock                 Conj/Air       100%       1d9       1%          1
g - Lesser Beckoning      Tloc           74%        N/A       1%          2
h - Hailstorm             Conj/Ice       37%        3d9       2%          3
i - Inner Flame           Hex/Fire       37%        N/A       2%          3
Your spell library was empty.

Dungeon Overview and Level Annotations

Branches:
Dungeon (7/15)             Temple (1/1) D:4

Altars:
Ashenzari
Cheibriados
Dithmenos
Elyvilon
Fedhas
Gozag
Makhleb
Nemelex Xobeh
Okawaru
Qazlal
Trog
Wu Jian
Xom
Yredelemnul
Zin
The Shining One

Shops:
D:1 !   D:3 :

Annotations:
D:5 3 runed translucent doors, beef's ghost, novice DECj
D:7 Maurice


Innate Abilities, Weirdness & Mutations

You are immune to sickness and miasma.
You are immune to poison.
Your flesh is very heat resistant. (rF++)
You are vulnerable to cold. (rC-)
You float through the air rather than walking.
You learn spells naturally, not from books.
Your magical power is your life essence.
You have superior vitality. (+4 MHP)


Message History

Something hits you. Something shocks you.
Unknown command.
Unknown command.
Maurice says, "Have you got some gold to spare?"
Maurice gestures wildly while chanting.
Maurice blinks!
Something hits you. Something shocks you. Something hits you.
Something shocks you.
* * * LOW HITPOINT WARNING * * *
Something hits you.
* * * LOW HITPOINT WARNING * * *
Something shocks you.
* * * LOW HITPOINT WARNING * * *
It was a potion of curing.
You feel better. Something hits you.
* * * LOW HITPOINT WARNING * * *
Something shocks you.
* * * LOW HITPOINT WARNING * * *
You feel better. Something hits you but does no damage.
Your magical contamination has completely faded away.
Unknown command.
Casting: Brom's Barrelling Boulder (dangerous; 9% risk of failure)
Confirm with . or Enter, or press ? or * to list all spells.
You can't see any susceptible monsters within range! (Use Z to cast anyway.)
Casting: Brom's Barrelling Boulder (dangerous; 9% risk of failure)
Confirm with . or Enter, or press ? or * to list all spells.
Aiming: Sandblast (safe; 1% risk of failure)
Press: ? - help, Shift-Dir - straight line
* * * LOW HITPOINT WARNING * * *
Something hits you but does no damage. Something hits you.
* * * LOW HITPOINT WARNING * * *
Something shocks you.
* * * LOW HITPOINT WARNING * * *
As you read the scroll labelled CAAGRE JACSORCH, it dissolves into smoke.
It was a scroll of fog.
Maurice zaps a wand.
The roots erupt in riotous growth!
The grasping roots grab you! The grasping roots constrict you!
* * * LOW HITPOINT WARNING * * *
Something hits you.
* * * LOW HITPOINT WARNING * * *
Something shocks you.
You die...

#.####.#. #..###### ....
##### ##..## # .... #...#
######..## # ..... #...#
#........###
.§...####...###.........##
.○.......§§......>......#
#)#####§§.###.....^.....
#.°##.{@§§..............
#.f..##########.##.##..
###..### #.##.#### ......#
#.##.# ######.# #.##.#
...# #.##.# # #####.##
#.##..
#.#<..#..#######.####
#.###.#.............#


You could see Maurice.

Vanquished Creatures
  Grinder (D:3)
  Sigmund (D:3)
  Duvessa (D:7)
  A water moccasin (D:5)
  An ice beast (D:5)
  A sky beast (D:7)
  3 black bears
  An ogre (D:5)
  A phantom (D:4)
  6 scorpions
  4 wights (D:7)
  Dowan (D:7)
  A hound (D:6)
  3 jellies
  2 bombardier beetles
  Crazy Yiuf (D:4)
  A sleepcap (D:7)
  7 iguanas
  An orc wizard (D:5)
  Natasha (thrice) (D:3)
  3 gnolls (D:5)
  9 adders
  A shadow imp (D:5)
  4 ufetubi (D:5)
  4 dart slugs
  4 ribbon worms
  16 orcs
  7 ball pythons
  4 endoplasms
  A giant cockroach (D:1)
  6 goblins
  8 hobgoblins
  4 jackals (D:5)
  6 quokkas
  4 bats
  2 frilled lizards (D:2)
  4 kobolds
  8 rats
136 creatures vanquished.

Vanquished Creatures (collateral kills)
  5 boulders
5 creatures vanquished.

Vanquished Creatures (others)
  An angel (D:6)
  2 boulders
3 creatures vanquished.

Grand Total: 144 creatures vanquished

Notes
Turn   | Place    | Note
-------+----------+-------------------------------------------
     0 | D:1      | Baz the Djinni Earth Elementalist began the quest for the
                  | Orb.
     0 | D:1      | Baz set off with the following spells memorised: Sandblast,
                  | Passwall, Stone Arrow, Petrify, Brom's Barrelling Boulder.
     0 | D:1      | Reached XP level 1. HP: 15/15 MP: 0/0
   257 | D:1      | Reached XP level 2. HP: 17/21 MP: 0/0
   422 | D:1      | Found Amykhla's Distillery.
   482 | D:1      | Reached XP level 3. HP: 23/25 MP: 0/0
   482 | D:1      | Learned a level 1 spell: Shock
  1153 | D:2      | Reached XP level 4. HP: 30/31 MP: 0/0
  1820 | D:3      | Found Higgaupo's Book Shop.
  1930 | D:3      | Noticed Grinder
  1941 | D:3      | Killed Grinder
  1942 | D:3      | Reached skill level 2 in Fighting
  1942 | D:3      | Reached XP level 5. HP: 10/40 MP: 0/0
  1942 | D:3      | Learned a level 2 spell: Lesser Beckoning
  1942 | D:3      | Reached XP level 6. HP: 12/45 MP: 0/0
  2065 | D:3      | Noticed Natasha
  2067 | D:3      | Killed Natasha
  2200 | D:3      | Reached skill level 3 in Fighting
  2246 | D:3      | Noticed Natasha
  2246 | D:3      | Noticed Sigmund
  2252 | D:3      | Killed Sigmund
  2253 | D:3      | Reached XP level 7. HP: 27/51 MP: 0/0
  2253 | D:3      | Learned a level 3 spell: Hailstorm
  2256 | D:3      | Killed Natasha
  2573 | D:3      | Noticed Natasha
  2577 | D:3      | Killed Natasha
  2578 | D:3      | Reached skill level 4 in Fighting
  2791 | D:4      | Reached XP level 8. HP: 37/58 MP: 0/0
  2882 | D:4      | Found a runed translucent door.
  2883 | D:4      | Noticed Crazy Yiuf
  2938 | D:4      | Found a staircase to the Ecumenical Temple.
  3299 | D:4      | Reached skill level 5 in Spellcasting
  3299 | D:4      | Reached skill level 5 in Conjurations
  3299 | D:4      | Reached skill level 5 in Hexes
  3299 | D:4      | Reached skill level 5 in Summonings
  3299 | D:4      | Reached skill level 5 in Necromancy
  3299 | D:4      | Reached skill level 5 in Translocations
  3299 | D:4      | Reached skill level 5 in Fire Magic
  3299 | D:4      | Reached skill level 5 in Ice Magic
  3299 | D:4      | Reached skill level 5 in Air Magic
  3299 | D:4      | Reached skill level 5 in Earth Magic
  3299 | D:4      | Reached skill level 5 in Alchemy
  3518 | D:5      | Entered Level 5 of the Dungeon
  3523 | D:5      | Reached skill level 5 in Dodging
  3554 | D:5      | Reached skill level 5 in Fighting
  3757 | D:5      | Found a runed translucent gate.
  3757 | D:5      | Found a runed translucent gate.
  3757 | D:5      | Found a runed translucent gate.
  4153 | D:5      | Reached skill level 6 in Fighting
  4219 | D:5      | Reached XP level 9. HP: 52/66 MP: 0/0
  4219 | D:5      | Learned a level 3 spell: Inner Flame
  4344 | D:5      | Reached skill level 1 in Shields
  4700 | D:5      | Noticed beef's ghost (novice DECj)
  5072 | D:6      | Noticed an angel
  5117 | Temple   | Entered the Ecumenical Temple
  5176 | D:4      | Killed Crazy Yiuf
  5177 | D:4      | Reached skill level 7 in Fighting
  5311 | D:6      | Found a glowing silver altar of Zin.
  5311 | D:6      | Found a shimmering altar of Xom.
  5404 | D:6      | Found a burning altar of Makhleb.
  5430 | D:6      | Became a worshipper of Makhleb the Destroyer
  5562 | D:6      | Killed an angel
  6371 | D:7      | Noticed Duvessa
  6372 | D:7      | Noticed Dowan
  6379 | D:7      | Killed Dowan
  6382 | D:7      | Noticed Maurice
  6385 | D:7      | Killed Duvessa
  6394 | D:7      | Slain by a sky beast

Illustrated notes

Levels and vault maps discovered:
D:1:      minmay_arrival_cross, layout_loops_ring, serial_shops, shop,
          serial_forest, infiniplex_forest_clump_curved,
          infiniplex_forest_end_2, infiniplex_forest_clump_diagonal,
          infiniplex_forest_lined_2, infiniplex_forest_end_1,
          infiniplex_forest_end_2, infiniplex_forest_lined_3,
          infiniplex_forest_lined_4_way, infiniplex_forest_straight_3,
          infiniplex_forest_3_way
D:2:      layout_loops_cross, solitary_fountain, dreamdust_wishing_well
D:3:      layout_loops_cross, serial_shops, nicolae_shop_statue_plus,
          uniq_grinder, uniq_sigmund, uniq_natasha
D:4:      minmay_chambers_of_twos, layout_basic, temple_fountains,
          minmay_statues_item, uniq_crazy_yiuf_cottage
D:5:      layout_loops_ring, gammafunk_ghost_icy,
          minmay_fractal_squares_diagonal_5
D:6:      layout_basic, grunt_temple_overflow_order_and_chaos_1,
          nicolae_overflow_hidden_temple
D:7:      layout_basic, nicolae_figureground_sparkle, uniq_maurice, uniq_duvessa
Temple:   hellmonk_temple_of_storms

Skill      XL: |  1  2  3  4  5  6  7  8  9 |
---------------+----------------------------+-----
Stealth        | 2 |  2.5
Dodging        | 3 4 5 |  5.6
Fighting       | 2 3 4 6 7 |  7.8
Spellcasting   | 4 5 6 |  6.7
Conjurations   | 4 5 6 |  6.7
Hexes          | 4 5 6 |  6.7
Summonings     | 4 5 6 |  6.7
Necromancy     | 4 5 6 |  6.7
Translocations | 4 5 6 |  6.7
Fire Magic     | 4 5 6 |  6.7
Ice Magic      | 4 5 6 |  6.7
Air Magic      | 4 5 6 |  6.7
Earth Magic    | 4 5 6 |  6.7
Alchemy        | 4 5 6 |  6.7
Shields        | 3 |  3.0

Action                     |  1- 3 |  4- 6 |  7- 9 || total
---------------------------+-------+-------+-------++-------
  Melee: Dagger            |     1 |       |       ||     1
   Cast: Sandblast         |    51 |    49 |   146 ||   246
         Stone Arrow       |       |       |     5 ||     5
         Brom's Barrelling |       |       |    11 ||    11
         Passwall          |       |       |     2 ||     2
         Shock             |       |       |     1 ||     1
    Use: Potion            |       |       |     3 ||     3
         Scroll            |       |       |     1 ||     1
 Armour: Robe              |     5 |    11 |    83 ||    99
  Dodge: Dodged            |    13 |     6 |    78 ||    97
  Block: Buckler           |       |       |     9 ||     9
